TOP OF THE 1ST |
Lexington Legends batting - Pitching for Delmarva Shorebirds : RHP Tim Kull
|
Pitching: RHP Tim Kull
|
|
Batting: RHB Justin Bonner
|
0-0: Called Strike 0-1: Called Strike 0-2: Ball 1-2: Foul Ball, location: 2F 1-2: Strikes out looking
|
Batting: SHB Jared O'Connor
|
0-0: Ball 1-0: Ball 2-0: SINGLE (Line Drive, 6MD, EV 94.4 MPH)
|
Batting: LHB Ho-win Zhou
|
0-0: Ball Jared O'Connor steals 2nd, throwing error, E2 Jared O'Connor to third 1-0: Fly out, F8 (Flyball, 8LM, EV 93.1 MPH)
|
Batting: RHB Alex Cid
|
0-0: Fly out, F9 (Flyball, 9D, EV 101.9 MPH)
|
Top of the 1st over - 0 runs, 1 hit, 1 error, 1 left on base; Lexington 0 - Delmarva 0 |
BOTTOM OF THE 1ST |
Delmarva Shorebirds batting - Pitching for Lexington Legends : RHP Matt Voulgaris
|
Pitching: RHP Matt Voulgaris
|
|
Batting: RHB Michel Kamphuis
|
0-0: Called Strike 0-1: Ball 1-1: Ball 2-1: Foul Ball, location: 2F 2-2: Ball 3-2: Ground out 3-1 (Groundball, 34S, EV 91.2 MPH)
|
Batting: SHB Ryan Palermo
|
0-0: Called Strike 0-1: Foul Ball, location: 2F 0-2: Strikes out swinging
|
Batting: LHB Pat Shaddock
|
0-0: Swinging Strike 0-1: SINGLE (Flyball, 8RS, EV 86.9 MPH)
|
Batting: RHB Francisco Viera
|
0-0: Ball 1-0: Called Strike 1-1: Ball 2-1: Ball 3-1: Foul Ball, location: 2F 3-2: Ground out 4-3 (Groundball, 4, EV 81.9 MPH)
|
Bottom of the 1st over - 0 runs, 1 hit, 0 errors, 1 left on base; Lexington 0 - Delmarva 0 |
TOP OF THE 2ND |
Lexington Legends batting - Pitching for Delmarva Shorebirds : RHP Tim Kull
|
Batting: RHB Josh Martin
|
0-0: Called Strike 0-1: Swinging Strike 0-2: Ball 1-2: Ball 2-2: Ground out 4-3 (Groundball, 34D, EV 90.0 MPH)
|
Batting: LHB Josh Moore
|
0-0: Called Strike 0-1: Foul Ball, location: 2F 0-2: Strikes out swinging
|
Batting: SHB Jason Anaya
|
0-0: Called Strike 0-1: Foul Ball, location: 2F 0-2: Ball 1-2: Strikes out swinging
|
Top of the 2nd over - 0 runs, 0 hits, 0 errors, 0 left on base; Lexington 0 - Delmarva 0 |
BOTTOM OF THE 2ND |
Delmarva Shorebirds batting - Pitching for Lexington Legends : RHP Matt Voulgaris
|
Batting: RHB Dan Staggs
|
0-0: Foul Ball, location: 2F 0-1: SINGLE (Flyball, 8LS, EV 93.8 MPH)
|
Batting: RHB Jordan Wallace
|
0-0: Ball Dan Staggs is caught stealing 2nd base 2-4 1-0: Ball 2-0: Ball 3-0: Called Strike 3-1: Fly out, F9 (Flyball, 9LM, EV 87.5 MPH)
|
Batting: RHB Willie Manrique
|
0-0: Called Strike 0-1: Ball 1-1: Ball 2-1: Ball 3-1: Base on Balls
|
Batting: LHB Momoru Yasui
|
0-0: Ball 1-0: Swinging Strike 1-1: Ground out U3 (Groundball, 3, EV 83.8 MPH)
|
Bottom of the 2nd over - 0 runs, 1 hit, 0 errors, 1 left on base; Lexington 0 - Delmarva 0 |
TOP OF THE 3RD |
Lexington Legends batting - Pitching for Delmarva Shorebirds : RHP Tim Kull
|
Batting: RHB Andy Urquhart
|
0-0: Swinging Strike 0-1: Ball 1-1: Swinging Strike 1-2: Strikes out swinging
|
Batting: RHB Allen Crenshaw
|
0-0: Ball 1-0: Ball 2-0: Called Strike 2-1: Foul Ball, location: 2F 2-2: Fly out, F7 (Flyball, 78S, EV 95.0 MPH)
|
Batting: RHB Justin Bonner
|
0-0: Ball 1-0: Called Strike 1-1: Ball 2-1: Called Strike 2-2: SINGLE (Groundball, 6S, EV 68.8 MPH) (infield hit)
|
Batting: SHB Jared O'Connor
|
0-0: Called Strike 0-1: Ball 1-1: Fly out, F7 (Flyball, 7LM, EV 93.8 MPH)
|
Top of the 3rd over - 0 runs, 1 hit, 0 errors, 1 left on base; Lexington 0 - Delmarva 0 |
BOTTOM OF THE 3RD |
Delmarva Shorebirds batting - Pitching for Lexington Legends : RHP Matt Voulgaris
|
Batting: RHB Adam Swimmer
|
0-0: Called Strike 0-1: Ball 1-1: Ball 2-1: Foul Ball, location: 2F 2-2: Ball 3-2: Strikes out swinging
|
Batting: RHB Michel Kamphuis
|
0-0: Ball 1-0: Ball 2-0: Fly out, F8 (Flyball, 8LM, EV 85.6 MPH)
|
Batting: SHB Ryan Palermo
|
0-0: Single, Error in OF, E8, batter to second base (Groundball, 4MD, EV 98.1 MPH)
|
Pitching: RHP Brian Straub
|
|
Batting: LHB Pat Shaddock
|
0-0: Ball 1-0: Ball 2-0: Ground out 4-3 (Groundball, 4, EV 106.2 MPH)
|
Bottom of the 3rd over - 0 runs, 1 hit, 1 error, 1 left on base; Lexington 0 - Delmarva 0 |
TOP OF THE 4TH |
Lexington Legends batting - Pitching for Delmarva Shorebirds : RHP Tim Kull
|
Batting: LHB Ho-win Zhou
|
0-0: Called Strike 0-1: Fly out, F5 (Flyball, 5D, EV 90.6 MPH)
|
Batting: RHB Alex Cid
|
0-0: Called Strike 0-1: Swinging Strike 0-2: Ball 1-2: Ball 2-2: Foul Ball, location: 2F 2-2: Foul Ball, location: 2F 2-2: Foul Ball, location: 2F 2-2: Foul Ball, location: 2F 2-2: Ball 3-2: Strikes out looking
|
Batting: RHB Josh Martin
|
0-0: Ball 1-0: Called Strike 1-1: Ball 2-1: Swinging Strike 2-2: Strikes out swinging
|
Top of the 4th over - 0 runs, 0 hits, 0 errors, 0 left on base; Lexington 0 - Delmarva 0 |
BOTTOM OF THE 4TH |
Delmarva Shorebirds batting - Pitching for Lexington Legends : RHP Brian Straub
|
Batting: RHB Francisco Viera
|
0-0: Called Strike 0-1: Ball 1-1: Ball 2-1: Fly out, F9 (Line Drive, 9, EV 97.5 MPH)
|
Batting: RHB Dan Staggs
|
0-0: Foul Ball, location: 2F 0-1: Foul Ball, location: 2F 0-2: Ball 1-2: Foul Ball, location: 2F 1-2: Ball 2-2: Ball 3-2: Fly out, F5 (Popup, 15, EV 78.8 MPH)
|
Batting: RHB Jordan Wallace
|
0-0: Ball 1-0: Foul Ball, location: 2F 1-1: Ball 2-1: Called Strike 2-2: Ball 3-2: Foul Ball, location: 2F 3-2: Fly out, F1 (Popup, 13, EV 90.0 MPH)
|
Bottom of the 4th over - 0 runs, 0 hits, 0 errors, 0 left on base; Lexington 0 - Delmarva 0 |
TOP OF THE 5TH |
Lexington Legends batting - Pitching for Delmarva Shorebirds : RHP Tim Kull
|
Batting: LHB Josh Moore
|
0-0: SINGLE (Groundball, 4MD, EV 101.9 MPH)
|
Batting: SHB Jason Anaya
|
0-0: Foul Ball, location: 2F 0-1: Swinging Strike 0-2: SINGLE (Groundball, 6D, EV 107.5 MPH) Josh Moore to second
|
Batting: RHB Andy Urquhart
|
0-0: Ball Wild Pitch! Josh Moore to third Jason Anaya to second 1-0: Ball 2-0: Ball 3-0: Called Strike 3-1: Swinging Strike 3-2: Base on Balls
|
Batting: RHB Allen Crenshaw
|
0-0: Ball 1-0: Foul Ball, location: 2F 1-1: Foul Ball, location: 2F 1-2: Ball 2-2: Ball 3-2: Base on Balls Josh Moore scores Jason Anaya to third Andy Urquhart to second
|
Batting: RHB Justin Bonner
|
0-0: Called Strike 0-1: Fly out, F8 (Flyball, 8LXD, EV 99.4 MPH) Runner from 3rd tags up, SCORES, no throw by CF
|
Batting: SHB Jared O'Connor
|
0-0: Ball 1-0: Ball Andy Urquhart steals 3rd base 2-0: Ball 3-0: Base on Balls Allen Crenshaw to second
|
Batting: LHB Ho-win Zhou
|
0-0: Called Strike 0-1: Hit by Pitch Andy Urquhart scores Allen Crenshaw to third Jared O'Connor to second
|
Pitching: RHP Wayne Lammers
|
|
Pinch Runner at 1st Matt Tittle:
|
|
Batting: RHB Alex Cid
|
0-0: Swinging Strike 0-1: Called Strike 0-2: Ball 1-2: Ball 2-2: Foul Ball, location: 2F 2-2: Foul Ball, location: 2RF, Error on foul ball, E2 2-2: Ball 3-2: Foul Ball, location: 2F 3-2: Grounds into fielders choice 6-2 (Groundball, 6, EV 93.1 MPH) Jared O'Connor to third Matt Tittle to second
|
Batting: RHB Josh Martin
|
0-0: Called Strike 0-1: Called Strike 0-2: Ball 1-2: SINGLE (Groundball, 56D, EV 95.6 MPH) Jared O'Connor scores Matt Tittle to third Alex Cid to second Runner from 3rd tries for Home, SAFE, throw by LF to home
|
Batting: LHB Josh Moore
|
0-0: Ball 1-0: Called Strike 1-1: Foul Ball, location: 2F 1-2: Strikes out swinging
|
Top of the 5th over - 5 runs, 3 hits, 1 error, 2 left on base; Lexington 5 - Delmarva 0 |
BOTTOM OF THE 5TH |
Delmarva Shorebirds batting - Pitching for Lexington Legends : RHP Brian Straub
|
Now at 1B: Matt Tittle
|
|
Batting: RHB Willie Manrique
|
0-0: Ball 1-0: SINGLE (Line Drive, 78S, EV 105.0 MPH)
|
Pitching: RHP Gabe Torres
|
|
Batting: LHB Momoru Yasui
|
0-0: Ball 1-0: Ball 2-0: Called Strike 2-1: Foul Ball, location: 2F 2-2: Ball 3-2: Strikes out swinging
|
Batting: RHB Adam Swimmer
|
0-0: Called Strike 0-1: Ball 1-1: Called Strike 1-2: Strikes out looking
|
Batting: RHB Michel Kamphuis
|
0-0: Ball 1-0: Called Strike 1-1: Reached on error, E5 (Groundball, 56, EV 97.5 MPH) Willie Manrique to second
|
Batting: SHB Ryan Palermo
|
0-0: Called Strike 0-1: TRIPLE (Flyball, 89XD, EV 101.2 MPH) Willie Manrique scores Michel Kamphuis scores
|
Batting: LHB Pat Shaddock
|
0-0: Ball 1-0: Ball 2-0: Called Strike 2-1: Swinging Strike 2-2: Strikes out swinging
|
Bottom of the 5th over - 2 runs, 2 hits, 1 error, 1 left on base; Lexington 5 - Delmarva 2 |
TOP OF THE 6TH |
Lexington Legends batting - Pitching for Delmarva Shorebirds : RHP Wayne Lammers
|
Batting: SHB Jason Anaya
|
0-0: Swinging Strike 0-1: Foul Ball, location: 2F 0-2: Ball 1-2: Strikes out swinging
|
Batting: RHB Andy Urquhart
|
0-0: Ball 1-0: Foul Ball, location: 2F 1-1: Swinging Strike 1-2: Ball 2-2: Strikes out swinging
|
Pitching: LHP John Dyer
|
|
Batting: RHB Allen Crenshaw
|
0-0: Called Strike 0-1: Foul Ball, location: 2F 0-2: Strikes out swinging
|
Top of the 6th over - 0 runs, 0 hits, 0 errors, 0 left on base; Lexington 5 - Delmarva 2 |
BOTTOM OF THE 6TH |
Delmarva Shorebirds batting - Pitching for Lexington Legends : RHP Gabe Torres
|
Batting: RHB Francisco Viera
|
0-0: Swinging Strike 0-1: Ball 1-1: Ball 2-1: Ball 3-1: Foul Ball, location: 2F 3-2: Ground out 6-3 (Groundball, 56, EV 80.6 MPH)
|
Pitching: RHP John Stein
|
|
Batting: RHB Dan Staggs
|
0-0: Foul Ball, location: 2F 0-1: Ball 1-1: Foul Ball, location: 2F 1-2: Ball 2-2: Strikes out swinging
|
Batting: RHB Jordan Wallace
|
0-0: Swinging Strike 0-1: Ball 1-1: Foul Ball, location: 2F 1-2: Strikes out swinging
|
Bottom of the 6th over - 0 runs, 0 hits, 0 errors, 0 left on base; Lexington 5 - Delmarva 2 |
TOP OF THE 7TH |
Lexington Legends batting - Pitching for Delmarva Shorebirds : LHP John Dyer
|
Batting: RHB Justin Bonner
|
0-0: Called Strike 0-1: Ball 1-1: Ground out 6-3 (Groundball, 6, EV 111.2 MPH)
|
Batting: SHB Jared O'Connor
|
0-0: Called Strike 0-1: Ball 1-1: Ball 2-1: Foul Ball, location: 2F 2-2: Strikes out looking
|
Batting: RHB Matt Tittle
|
0-0: Called Strike 0-1: Ball 1-1: Ball 2-1: Ball 3-1: Foul Ball, location: 2F 3-2: Ground out 5-3 (Groundball, 56S, EV 80.6 MPH)
|
Top of the 7th over - 0 runs, 0 hits, 0 errors, 0 left on base; Lexington 5 - Delmarva 2 |
BOTTOM OF THE 7TH |
Delmarva Shorebirds batting - Pitching for Lexington Legends : RHP John Stein
|
Batting: RHB Willie Manrique
|
0-0: Called Strike 0-1: Ball 1-1: SINGLE (Line Drive, 9S, EV 92.5 MPH)
|
Batting: LHB Momoru Yasui
|
0-0: Ball 1-0: Sac Bunt to 25 - play at first, batter OUT! 5-4 Willie Manrique to second
|
Batting: RHB Adam Swimmer
|
0-0: Called Strike 0-1: Called Strike Willie Manrique steals 3rd base 0-2: Ball 1-2: Strikes out swinging
|
Pitching: LHP Joel Page
|
|
Batting: RHB Michel Kamphuis
|
0-0: Ball 1-0: Foul Ball, location: 2F 1-1: Foul Ball, location: 2F 1-2: Ball 2-2: Foul Ball, location: 2F 2-2: Ball 3-2: Base on Balls
|
Batting: SHB Ryan Palermo
|
0-0: Called Strike 0-1: Foul Ball, location: 2F 0-2: Ball Wild Pitch! Willie Manrique scores Michel Kamphuis to second 1-2: Strikes out looking
|
Bottom of the 7th over - 1 run, 1 hit, 0 errors, 1 left on base; Lexington 5 - Delmarva 3 |
TOP OF THE 8TH |
Lexington Legends batting - Pitching for Delmarva Shorebirds : LHP John Dyer
|
Pitching: LHP Eric Bice
|
|
Batting: RHB Alex Cid
|
0-0: Ground out 6-3 (Groundball, 6D, EV 98.8 MPH)
|
Batting: RHB Josh Martin
|
0-0: SINGLE (Groundball, 6MD, EV 95.0 MPH)
|
Batting: LHB Josh Moore
|
0-0: Ball 1-0: Swinging Strike 1-1: Ball 2-1: Ball 3-1: Foul Ball, location: 2F 3-2: Strikes out swinging
|
Batting: SHB Jason Anaya
|
0-0: Ball 1-0: Called Strike 1-1: Ball 2-1: Foul Ball, location: 2F 2-2: Foul Ball, location: 2F 2-2: Ball 3-2: Fly out, F7 (Flyball, 7S, EV 81.9 MPH)
|
Top of the 8th over - 0 runs, 1 hit, 0 errors, 1 left on base; Lexington 5 - Delmarva 3 |
BOTTOM OF THE 8TH |
Delmarva Shorebirds batting - Pitching for Lexington Legends : LHP Joel Page
|
Batting: LHB Pat Shaddock
|
0-0: Foul Ball, location: 2F 0-1: Fly out, F5 (Popup, 25F, EV 90.6 MPH)
|
Batting: RHB Francisco Viera
|
0-0: Swinging Strike 0-1: Ball 1-1: Called Strike 1-2: SOLO HOME RUN (Flyball, 7D, EV 98.8 MPH), Distance : 383 ft
|
Batting: RHB Dan Staggs
|
0-0: Ball 1-0: Ball 2-0: Called Strike 2-1: Foul Ball, location: 2F 2-2: SINGLE (Line Drive, 9S, EV 105.0 MPH)
|
Pitching: LHP Cory Musial
|
|
Batting: RHB Jordan Wallace
|
0-0: Ball 1-0: Ball 2-0: Called Strike 2-1: 2-RUN HOME RUN (Flyball, 7D, EV 98.1 MPH), Distance : 401 ft
|
Batting: RHB Willie Manrique
|
0-0: Fly out, F7 (Flyball, 7, EV 93.1 MPH)
|
Batting: LHB Momoru Yasui
|
0-0: Ball 1-0: Foul Ball, location: 2F 1-1: Ball 2-1: Foul Ball, location: 2F 2-2: Ball 3-2: Base on Balls
|
Batting: RHB Adam Swimmer
|
0-0: Ball 1-0: Foul Ball, location: 2F 1-1: Ball 2-1: Ball 3-1: Swinging Strike 3-2: Base on Balls Momoru Yasui to second
|
Batting: RHB Michel Kamphuis
|
0-0: Ball 1-0: Ball Wild Pitch! Momoru Yasui to third Adam Swimmer to second 2-0: Ball 3-0: Base on Balls
|
Pitching: RHP Austin Aubuchon
|
|
Batting: SHB Ryan Palermo
|
0-0: Ball 1-0: Ball 2-0: Foul Ball, location: 2F 2-1: Foul Ball, location: 2F 2-2: Fielders Choice at 2nd, 5-4 (Groundball, 56, EV 90.0 MPH)
|
Bottom of the 8th over - 3 runs, 3 hits, 0 errors, 3 left on base; Lexington 5 - Delmarva 6 |
TOP OF THE 9TH |
Lexington Legends batting - Pitching for Delmarva Shorebirds : LHP Eric Bice
|
Pitching: LHP Mark Gehring
|
|
Batting: RHB Andy Urquhart
|
0-0: Ball 1-0: Called Strike 1-1: Ball 2-1: Ball 3-1: Called Strike 3-2: Foul Ball, location: 2F 3-2: Base on Balls
|
Batting: RHB Allen Crenshaw
|
0-0: Ball 1-0: Foul Ball, location: 2F 1-1: Foul Ball, location: 2F 1-2: Foul Ball, location: 2F 1-2: Hit by Pitch Andy Urquhart to second
|
Batting: RHB Justin Bonner
|
0-0: Fielders Choice at 2nd, 6-4 (Groundball, 6, EV 85.0 MPH) Andy Urquhart to third
|
Batting: SHB Jared O'Connor
|
0-0: Ball Squeeze bunt is on, Andy Urquhart is out 1-1: Ball 2-1: Ball 3-1: Base on Balls Justin Bonner to second
|
Batting: RHB Matt Tittle
|
0-0: Ball 1-0: Swinging Strike 1-1: Fly out, F3 (Line Drive, 3, EV 65.0 MPH)
|
Top of the 9th over - 0 runs, 0 hits, 0 errors, 2 left on base; Lexington 5 - Delmarva 6 |
|